 Dungeon Crawl Stone Soup version 0.24-a0-282-g1a68c91 (webtiles) character file.

Game seed: 12202201772765653572

1 MatthieuS the Sneak (level 1, -1/10 HPs)
             Began as a Kobold Enchanter on May 2, 2019.
             Killed from afar by a dart slug (5 damage)
             ... with a slug dart
             ... on level 1 of the Dungeon.
             The game lasted 00:00:14 (27 turns).

MatthieuS the Sneak (Kobold Enchanter)                Turns: 27, Time: 00:00:15

Health: -1/10      AC:  2    Str:  5    XL:     1   Next: 22%
Magic:  1/3        EV: 15    Int: 16    God:
Gold:   0          SH:  0    Dex: 15    Spells: 3/4 levels left

rFire    . . .     SeeInvis .   a - +1 dagger
rCold    . . .     Gourm    .   (shield restricted)
rNeg     . . .     Faith    .   b - +0 robe
rPois    .         Spirit   .   (no helmet)
rElec    .         Reflect  .   (no cloak)
rCorr    .         Harm     .   (no gloves)
MR       .....                  (no boots)
Stlth    +++.......             (no amulet)
HPRegen  0.03/turn              (no ring)
MPRegen  0.08/turn              (no ring)

@: no status effects
A: small, carnivore
a: no special abilities


You were on level 1 of the Dungeon.
You were not hungry.

You visited 1 branch of the dungeon, and saw 1 of its levels.

Inventory:

Hand Weapons
 a - a +1 dagger (weapon)
Armour
 b - a +0 robe (worn)
Comestibles
 e - a ration


   Skills:
 + Level 0.0 Fighting
 + Level 1.4 Short Blades
 + Level 2.4 Dodging
 + Level 4.0 Stealth
 + Level 2.2 Spellcasting
 + Level 3.0 Hexes


You had 3 spell levels left.
You knew the following spells:

 Your Spells              Type           Power        Failure   Level  Hunger
a - Corona                Hex            ##.....      6%          1    #......

Your spell library contained the following spells:

 Spells                   Type           Power        Failure   Level  Hunger
 Ensorcelled Hibernation  Hex/Ice        #.....       17%         2    ###....
 Confuse                  Hex            ##......     17%         3    ###....
 Tukima's Dance           Hex            ##......     17%         3    ###....
 Dazzling Spray           Conj/Hex       #.....       32%         3    ###....


Dungeon Overview and Level Annotations

Branches:
Dungeon (1/15)

Altars:


Innate Abilities, Weirdness & Mutations

You are small and have problems with some larger weapons.
You are carnivorous and can eat meat at any time.


Message History

e - a ration Welcome, MatthieuS the Kobold Enchanter.
The bosom of this dungeon contains the fabled artefact, the Orb of Zot.
Found a whip.
Found a staircase leading out of the dungeon.
A dart slug comes into view.
A dart slug is nearby!
A kobold comes into view.
The kobold shouts!
The dart slug launches a dart at you. The slug dart hits you.
Found a robe.
The kobold barely misses you.
A kobold comes into view. It is wielding a -3 club.
The dart slug barely misses you.
The kobold shouts!
You hit the dart slug. The kobold closely misses you.
The dart slug bites you but does no damage.
Aim: a kobold (chance to defeat MR: 64%)
The kobold is outlined in light.
The kobold closely misses you.
You hit the kobold.
You kill the kobold!
A bat comes into view.
Aim: a kobold, wielding a -3 club (chance to defeat MR: 64%)
The kobold is outlined in light.
The kobold barely misses you.
You hit the kobold. The dart slug misses you.
You hit the bat. The bat misses you. The kobold misses you.
The bat closely misses you. The bat hits you.
* * * LOW HITPOINT WARNING * * *
The kobold hits you but does no damage.
Found 4 gold pieces.
You hit the kobold.
You kill the kobold!
The bat barely misses you. The dart slug bites you.
* * * LOW HITPOINT WARNING * * *
The bat hits you but does no damage. The dart slug launches a dart at you.
The slug dart hits you.
Ouch! That really hurt!
You die...

####### .######
.#...## .#.8.##
#########..# .#...##
####....@[....#
.######
#....w)b####$.#
......###....##.####.
.............†.......
.................###.
......#####..##..#
......# #..##..#
.###### #..##..#
.#...## #..# .#


You could see a dart slug and a bat.

Vanquished Creatures
  2 kobolds (D:1)
2 creatures vanquished.

Notes
Turn   | Place    | Note
-------+----------+-------------------------------------------
     0 | D:1      | MatthieuS the Kobold Enchanter began the quest for the Orb.
     0 | D:1      | Reached XP level 1. HP: 10/10 MP: 3/3
    27 | D:1      | Killed from afar by a dart slug

Levels and vault maps discovered:
D:1:      minmay_arrival_glassed_features, layout_basic, chequers_garden

Action                   || total
-------------------------++-------
Melee: Dagger            ||     5
 Cast: Corona            ||     2
Armor: Robe              ||     2
Dodge: Dodged            ||    10

Table legend:
 A = Non-vault XP
 B = Vault XP
 C = Vault XP percentage of total XP
 D = Non-vault monster count
 E = Vault monster count
 F = Vault count percentage of total count
                 A         B        C        D         E       F
            +---------+---------+-------+---------+---------+-------
      Total |       2 |       0 |   0.0 |       2 |       0 |   0.0
            +---------+---------+-------+---------+---------+-------
        D:1 |       2 |       0 |   0.0 |       2 |       0 |   0.0
            +---------+---------+-------+---------+---------+-------
